 Dungeon Crawl Stone Soup version 0.30-b1-2-g02819fbbbe (webtiles) character file.

Game seed: 3804004594183146571

210 redmage the Digger (level 6, -1/45 HPs)
             Began as a Meteoran Earth Elementalist on July 26, 2023.
             Killed from afar by Duvessa (8 damage)
             ... with a puff of flame
             ... on level 4 of the Dungeon.
             The game lasted 00:06:51 (536 turns).

redmage the Digger (Meteoran Earth Elementalist)     Turns: 536, Time: 00:06:52

Health: -1/45      AC:  2    Str: 10    XL:     6   Next: 35%
Magic:  5/13       EV: 12    Int: 18    God:
Gold:   58         SH:  0    Dex: 15    Spells: 7/13 levels left

rFire   . . .        f - +1 dagger (protect)
rCold   . . .        (no shield)
rNeg    . . .        a - +0 robe
rPois   .            (no helmet)
rElec   .            h - scarf {repulsion}
rCorr   .            (no gloves)
SInv    +            (no boots)
Will    .....        (no amulet)
Stlth   +            k - ring of see invisible
HPRegen 0.27/turn    (no ring)
MPRegen 0.13/turn

%: repel missiles
@: lethally poisoned (-1 -> -3), glowing
A: sense surroundings 1, otherworldly, glowing, explore regen
a: no special abilities


You were on level 4 of the Dungeon.
You visited 1 branch of the dungeon, and saw 4 of its levels.

You collected 58 gold pieces.

Inventory:

Hand Weapons
 f - a +1 dagger of protection (weapon)
Missiles
 d - 16 stones
 e - 3 boomerangs
Armour
 a - a +0 robe (worn)
 h - a scarf of repulsion (worn)
Jewellery
 k - a ring of see invisible (left hand)
Scrolls
 g - a scroll of enchant weapon {unknown}
 i - a scroll of identify {unknown}
 j - a scroll of noise {unknown}
Potions
 b - a potion of magic
 c - a potion of attraction {unknown}
 l - a potion of curing {unknown}


   Skills:
 - Level 2.4 Dodging
 - Level 1.4 Stealth
 + Level 4.0 Spellcasting
 + Level 2.3 Conjurations
 + Level 3.1 Transmutations
 * Level 5.7 Earth Magic


You had 7 spell levels left.
You knew the following spells:

 Your Spells              Type           Power      Damage    Failure   Level
a - Sandblast             Erth           48%        2d12      1%          1
b - Passwall              Tmut/Erth      15%        N/A       3%          2
c - Stone Arrow           Conj/Erth      36%        3d9       9%          3

Your spell library contained the following spells:

 Spells                   Type           Power      Damage    Failure   Level
 Petrify                  Tmut/Erth      19%        N/A       24%         4


Dungeon Overview and Level Annotations

Branches:
Dungeon (4/15) Zot: 1834
 Temple: D:4-7

Altars:
Elyvilon
Vehumet

Annotations:
D:4 Duvessa, Menkaure


Innate Abilities, Weirdness & Mutations

You passively map a small area around you.
You are easily found by Zot.
You glow in the dark.
You regain HP and MP as you explore.


Message History

Aiming: Sandblast (safe; 1% risk of failure)
Press: ? - help, Shift-Dir - straight line, f/p - scorpion
Aim: a scorpion (lightly wounded, 83% to hit)
The blast of sand hits the scorpion.
The scorpion is heavily wounded.
You feel very sick. The scorpion stings you.
You are more poisoned.
The scorpion poisons you! The scorpion stings you.
Unknown command.
Casting: Sandblast (safe; 1% risk of failure)
Confirm with . or Enter, or press ? or * to list all spells.
Aiming: Sandblast (safe; 1% risk of failure)
Press: ? - help, Shift-Dir - straight line, f/p - scorpion
Aim: a scorpion (heavily wounded, 83% to hit)
The blast of sand hits the scorpion!
You kill the scorpion!
You feel very sick.
Your Spellcasting skill increases to level 4!
Your Transmutations skill increases to level 3!
You have reached level 6!
You feel stronger.
Casting: Sandblast (safe; 1% risk of failure)
Confirm with . or Enter, or press ? or * to list all spells.
Aiming: Sandblast (safe; 1% risk of failure)
Press: ? - help, Shift-Dir - straight line, f - kobold
Aim: a kobold, wielding a +0 short sword (79% to hit)
The blast of sand hits the kobold.
You kill the kobold!
You feel very sick.
Duvessa, Sister of Dowan comes into view.
She is wielding a +0 short sword and carrying a wand of flame (14).
Unknown command.
l - a red potion You feel sick.
Duvessa says, "My weaknesses are his strengths!"
You feel sick.
Unknown command.
You feel sick.
You feel sick.
Duvessa zaps a wand.
The puff of flame hits you!
You die...

, , ..,*#.........#
.##.........#.
.............. ~~ ,
#........#...#.####.###
≈...#..†...................
, #...e.......# ..........
, ###..#.###..# * #........
*##.##...#.######.......$ ,
...###.@......##........ *
*
,...............##........
....#####........†.........
.... #........#.........
... #........#.####.... , *
#........#......... ,
#......).######....
########## #.... #<...


You could see Duvessa.

Vanquished Creatures
  2 scorpions (D:4)
  An iguana (D:4)
  A gnoll (D:3)
  2 adders (D:3)
  2 worms (D:3)
  A dart slug (D:3)
  An orc (D:3)
  3 endoplasms
  3 giant cockroaches
  3 goblins (D:3)
  A hobgoblin (D:3)
  3 jackals (D:3)
  5 kobolds
  A ball python (D:3)
  A bat (D:3)
  A frilled lizard (D:1)
  A rat (D:2)
32 creatures vanquished.

Notes
Turn   | Place    | Note
-------+----------+-------------------------------------------
     0 | D:1      | redmage the Meteoran Earth Elementalist began the quest for
                  | the Orb.
     0 | D:1      | Reached XP level 1. HP: 14/14 MP: 5/5
    84 | D:3      | Reached XP level 2. HP: 20/20 MP: 4/6
    86 | D:3      | Reached skill level 4 in Earth Magic
   153 | D:3      | Reached XP level 3. HP: 26/26 MP: 6/8
   156 | D:3      | Learned a level 2 spell: Passwall
   160 | D:3      | Learned a level 3 spell: Stone Arrow
   161 | D:3      | Found a white marble altar of Elyvilon.
   237 | D:3      | Found a radiant altar of Vehumet.
   242 | D:4      | Noticed Menkaure
   395 | D:3      | Reached XP level 4. HP: 33/33 MP: 4/9
   444 | D:3      | Reached skill level 1 in Conjurations
   488 | D:4      | Noticed a scorpion
   499 | D:4      | Reached skill level 5 in Earth Magic
   499 | D:4      | Reached XP level 5. HP: 13/38 MP: 5/11
   532 | D:4      | Reached XP level 6. HP: 16/45 MP: 5/13
   532 | D:4      | Noticed Duvessa
   536 | D:4      | Killed from afar by Duvessa

Illustrated notes

Levels and vault maps discovered:
D:1:      dpeg_arrival_arbitrary_c, layout_loops_ring, hangedman_feature_mirror
D:2:      cheibrodos_greedy_goblins, layout_basic,
          hellmonk_ecumenical_altar_pennies_from_heaven
D:3:      layout_basic, mainiacjoe_overflow_six_doors_small,
          mainiacjoe_overflow_concentric_impassable, amethyst_killhole,
          minmay_quantized
D:4:      layout_rooms, cheibrodos_ashenzari_chains, gammafunk_ghost_necromancy,
          serial_shops, nicolae_shop_industrial_runoff, nicolae_stop_n_shop_1,
          nicolae_shop_window_shopping, uniq_menkaure, uniq_duvessa, uniq_ijyb

Skill      XL: |  1  2  3  4  5 |
---------------+----------------+-----
Earth Magic    | 4 5 |  5.7
Spellcasting   | 3 4 |  4.0
Transmutations | 2 3 |  3.1
Conjurations   | 1 2 |  2.3
Dodging        | |  2.4
Stealth        | |  1.4

Action                     |  1- 3 |  4- 6 || total
---------------------------+-------+-------++-------
  Melee: Club              |     4 |       ||     4
         Dagger            |       |    14 ||    14
   Cast: Sandblast         |    29 |    27 ||    56
         Stone Arrow       |       |     1 ||     1
    Use: Potion            |       |     2 ||     2
   Stab: Sleeping          |       |     1 ||     1
 Armour: Robe              |     2 |    14 ||    16
  Dodge: Dodged            |    11 |    30 ||    41
